 Dungeon Crawl Stone Soup version 0.27.1-34-g3ba077fa99 (webtiles) character file.

Game seed: 6818398955123134174

65 porpoise the Skirmisher (level 4, -1/37 HPs)
             Began as a Formicid Artificer on Jan 9, 2022.
             Slain by a hobgoblin (4 damage)
             ... led by Robin
             ... on level 2 of the Dungeon.
             The game lasted 00:05:15 (2417 turns).

porpoise the Skirmisher (Formicid Artificer)        Turns: 2417, Time: 00:05:15

Health: -1/37      AC:  3    Str: 18    XL:     4   Next: 34%
Magic:  4/4        EV: 11    Int: 10    God:
Gold:   61         SH:  0    Dex: 11    Spells: 3/3 levels left

rFire    . . .     SeeInvis +   a - +0 mace
rCold    . . .     Faith    .   (no shield)
rNeg     . . .     Spirit   .   b - +0 leather armour
rPois    .         Reflect  .   (helmet unavailable)
rElec    .         Harm     .   (no cloak)
rCorr    .         Rampage  .   (no gloves)
Will     .....                  (no boots)
Stlth    +.........             (no amulet)
HPRegen  0.12/turn              (no ring)
MPRegen  0.09/turn              (no ring)

@: no status effects
A: permanent stasis, dig shafts and tunnels, antennae 3, four strong arms
a: Dig, Shaft Self


You were on level 2 of the Dungeon.
You visited 1 branch of the dungeon, and saw 2 of its levels.

You collected 61 gold pieces.

Inventory:

Hand Weapons
 a - a +0 mace (weapon)
Missiles
 i - 17 arrows
 j - 38 stones
Armour
 b - a +0 leather armour (worn)
Wands
 c - a wand of flame (15) (quivered)
 d - a wand of charming (15)
Scrolls
 f - a scroll of vulnerability {unknown}
 g - a scroll of teleportation {unknown}
 h - 2 scrolls of identify {unknown}
Miscellaneous
 e - a piece from Xom's chessboard (15/15)


   Skills:
 + Level 4.2 Fighting
 - Level 2.1 Armour
 - Level 0.8 Dodging
 - Level 1.2 Stealth
 - Level 3.2 Evocations


You had 3 spell levels left.
You didn't know any spells.
Your spell library contained the following spells:

 Spells                   Type           Power      Damage    Failure   Level
 Summon Small Mammal      Summ           0%         N/A       41%         1
 Call Canine Familiar     Summ           0%         N/A       80%         3
 Summon Guardian Golem    Hex/Summ       0%         N/A       80%         3


Dungeon Overview and Level Annotations

Branches:
Dungeon (2/15)

Altars:

Shops:
D:1 (


Innate Abilities, Weirdness & Mutations

You cannot be hasted, slowed, berserked, paralysed or teleported.
You can dig through walls and to a lower floor.
You have a pair of large antennae on your head. (SInv)
Your four strong arms can wield two-handed weapons with a shield.


Message History

Robin is almost dead.
The goblin hits you with a +0 club. The goblin hits you with a +0 dagger.
Robin throws the goblin at you! The goblin hits you but does no damage.
The goblin hits you with a +0 dagger. The goblin hits you with a +0 club.
Robin hits you with a +0 club.
You hit Robin.
You kill Robin!
The hobgoblin hits you. The goblin hits you but does no damage.
The goblin barely misses you. The goblin hits you with a +0 dagger.
* * * LOW HITPOINT WARNING * * *
Your Fighting skill increases to level 4!
The goblin hits you with a +0 dagger.
* * * LOW HITPOINT WARNING * * *
Things that are here:
a +0 club; a +0 club; a goblin corpse The goblin hits you with a +0 dagger.
* * * LOW HITPOINT WARNING * * *
The hobgoblin no longer looks unusually strong.
You barely miss the goblin. The goblin hits you with a +0 dagger.
* * * LOW HITPOINT WARNING * * *
The goblin misses you.
You closely miss the goblin. The goblin closely misses you.
You sock the goblin!
You kill the goblin!
The goblin misses you.
You thump the goblin!
You kill the goblin!
The goblin no longer looks unusually strong.
The hobgoblin hits you.
* * * LOW HITPOINT WARNING * * *
You hit the hobgoblin.
The hobgoblin is moderately wounded.
The goblin no longer looks unusually strong.
The hobgoblin barely misses you.
You barely miss the hobgoblin.
The hobgoblin is lightly wounded.
The hobgoblin hits you.
* * * LOW HITPOINT WARNING * * *
The hobgoblin hits you.
You die...

#.# #.# #.. ##.########
#.# #.......... ...
#..########## #.#
....>.......# #.#
##.########.# #.# #.#
#.# #.# #.# #.# #@# #.#
######.####g####.#
##.###......†.†gg.....#
.......####.####.######
...##### #.##...# #..#
#.....)# #..#
###..#.#.#### #....
........)...# ##....
.....#.#.##.....


You could see a hobgoblin and 2 goblins.

Vanquished Creatures
  Robin (D:2)
  A gnoll (D:1)
  6 ball pythons
  3 bats
  6 endoplasms
  A giant cockroach (D:1)
  8 goblins
  3 hobgoblins
  3 quokkas (D:1)
  4 frilled lizards
  3 kobolds
  3 rats
42 creatures vanquished.

Notes
Turn   | Place    | Note
-------+----------+-------------------------------------------
     0 | D:1      | porpoise the Formicid Artificer began the quest for the
                  | Orb.
     0 | D:1      | Reached XP level 1. HP: 15/15 MP: 1/1
   368 | D:1      | Reached skill level 2 in Fighting
   368 | D:1      | Reached XP level 2. HP: 21/22 MP: 2/2
  1046 | D:1      | Found a faded altar of an unknown god.
  1193 | D:1      | Reached skill level 3 in Fighting
  1193 | D:1      | Reached XP level 3. HP: 25/29 MP: 3/3
  1960 | D:1      | Found Uwnyc's Antique Weapon Boutique.
  2301 | D:2      | Reached XP level 4. HP: 33/37 MP: 4/4
  2395 | D:2      | Noticed Robin
  2404 | D:2      | Killed Robin
  2405 | D:2      | Reached skill level 4 in Fighting
  2417 | D:2      | Slain by a hobgoblin

Illustrated notes

Levels and vault maps discovered:
D:1:      dpeg_arrival_lava_altar, layout_loops_cross, serial_shops,
          nicolae_lakefront_shop, dreamdust_ecumenical_altar_statues
D:2:      layout_loops_ring, uniq_robin

Skill      XL: |  1  2  3  4 |
---------------+-------------+-----
Fighting       | 2 3 4 |  4.2
Armour         | |  2.1
Dodging        | |  0.8
Stealth        | |  1.2
Evocations     | |  3.2

Action                   |  1- 3 |  4- 6 || total
-------------------------+-------+-------++-------
Melee: Club              |    18 |       ||    18
       Mace              |    93 |    18 ||   111
 Stab: Sleeping          |     2 |       ||     2
Armor: Leather armour    |    33 |     8 ||    41
Dodge: Dodged            |    56 |    15 ||    71
